[Event "Titled Tuesday Blitz November 08 Early 2022"]
[White "Cabezas Solano, David Alejandro"]
[Black "Al-Tarboush, Ward"]
[WhiteFideId "6507522"]
[BlackFideId "7601450"]
[WhiteElo "2035"]
[BlackElo "2273"]
[Result "0-1"]
[Round "09"]
[TimeControl "180+1"]
[Date "2022.11.09"]
[WhiteClock "0:00:01"]
[BlackClock "0:00:13"]

1. e4 b6 2. d4 Bb7 3. Nd2 e6 4. Bd3 c5 5. c3 cxd4 6. cxd4 Nc6 7. Ngf3 Nb4 8. Be2 Nf6 9. a3 Na6 10. Bd3 Nc7 11. O-O Be7 12. Re1 O-O 13. Qe2 d6 14. b4 e5 15. Bb2 Ne6 16. dxe5 Nf4 17. Qe3 Nxd3 18. Qxd3 dxe5 19. Qxd8 Rfxd8 20. Bxe5 Rac8 21. Bxf6 gxf6 22. Rac1 Rxc1 23. Rxc1 Bd6 24. g3 Be5 25. Nxe5 Rxd2 26. Ng4 Kg7 27. f3 Rd3 28. Rc7 Ba6 29. Rxa7 Bc4 30. Kg2 Rd2+ 31. Nf2 Ra2 32. g4 b5 33. Ra5 h6 34. Kg3 Ra1 35. Nh3 Ra2 36. Nf4 Bf1 37. Nh5+ Kh7 38. Ra7 Rg2+ 39. Kf4 Rxh2 40. Ra6 Ra2 41. Nxf6+ Kg7 42. Nh5+ Kh7 43. Ra7 Kg8 44. Nf6+ Kg7 45. e5 Bc4 46. Nh5+ Kg6 47. Ra6+ Kh7 48. Kf5 Rf2 49. f4 Rg2 50. Ra7 Kg8 51. Nf6+ Kg7 52. Ke4 Re2+ 53. Kf5 Bd3+ 54. Ne4 Rxe4 0-1


[Site "https://www.chess.com"]

[Event "Titled Tuesday Blitz November 08 Early 2022"]
[White "Carbone, Diego"]
[Black "Kohler, Aran"]
[WhiteFideId "3002179"]
[BlackFideId "1002856"]
[WhiteElo "2265"]
[BlackElo "2347"]
[Result "0-1"]
[Round "09"]
[TimeControl "180+1"]
[Date "2022.11.09"]
[WhiteClock "0:00:17"]
[BlackClock "0:00:31"]

1. d4 d5 2. c4 c6 3. Nf3 Nf6 4. e3 e6 5. Nc3 Nbd7 6. Qc2 a6 7. Bd3 dxc4 8. Bxc4 b5 9. Be2 c5 10. a4 b4 11. Ne4 Nxe4 12. Qxe4 Rb8 13. O-O Bb7 14. Qf4 Qf6 15. dxc5 Qxf4 16. exf4 Bxc5 17. Bd2 Ke7 18. Rac1 Rhc8 19. Ne5 Nxe5 20. fxe5 a5 21. Bg5+ f6 22. exf6+ gxf6 23. Bf4 e5 24. Bd2 Bd4 25. b3 Rg8 26. g3 Rgc8 27. Bc4 Rc5 28. Rfe1 Rbc8 29. Rcd1 Rxc4 30. bxc4 Rxc4 31. Be3 Bxe3 32. Rxe3 Bc6 33. Red3 Bxa4 34. Ra1 Bc2 35. Rf3 a4 36. Kf1 b3 37. Ke1 b2 38. Rfa3 bxa1=Q+ 39. Rxa1 Bb3 40. Kd2 Rc2+ 41. Ke3 f5 42. f4 Ke6 43. fxe5 Kxe5 44. Kd3 Rxh2 45. Re1+ Kf6 46. Re3 a3 47. Kc3 Be6 48. Re1 a2 49. Kb4 Rb2+ 0-1


[Site "https://www.chess.com"]

[Event "Titled Tuesday Blitz November 08 Early 2022"]
[White "Chigaev, Maksim"]
[Black "Biastoch, Bennet"]
[WhiteFideId "4108116"]
[BlackFideId "12939889"]
[WhiteElo "2903"]
[BlackElo "2604"]
[Result "1-0"]
[Round "09"]
[TimeControl "180+1"]
[Date "2022.11.09"]
[WhiteClock "0:00:07"]
[BlackClock "0:00:19"]

1. Nf3 d5 2. c4 c6 3. e3 Nd7 4. Nc3 e5 5. cxd5 cxd5 6. Nxd5 e4 7. Nd4 Ngf6 8. Nxf6+ Nxf6 9. Bb5+ Bd7 10. Qa4 Bc5 11. Bxd7+ Qxd7 12. Qxd7+ Nxd7 13. Nb3 Bb6 14. f4 f5 15. Ke2 Rd8 16. Rd1 Nf6 17. d4 exd3+ 18. Rxd3 Rxd3 19. Kxd3 Kf7 20. Bd2 Rd8+ 21. Ke2 Re8 22. Rc1 Nd5 23. Nc5 Nxf4+ 24. Kf3 Nd5 25. Nxb7 Re7 26. Nd6+ Ke6 27. Nc8 Rd7 28. Rc6+ Kf7 29. Nd6+ Ke6 30. Nc4+ Ke7 31. a4 g5 32. h3 h5 33. a5 g4+ 34. hxg4 hxg4+ 35. Ke2 Bc7 36. b4 f4 37. exf4 Nf6 38. Ne5 Bxe5 39. fxe5 Ne4 40. Be1 Rd5 41. Ke3 Rxe5 42. Kd4 1-0


[Site "https://www.chess.com"]

[Event "Titled Tuesday Blitz November 08 Early 2022"]
[White "Ciuffoletti, Paolo"]
[Black "Do Nascimento,Christian Almeida"]
[WhiteFideId "807630"]
[BlackFideId "2143801"]
[WhiteElo "2143"]
[BlackElo "2079"]
[Result "1-0"]
[Round "09"]
[TimeControl "180+1"]
[Date "2022.11.09"]
[WhiteClock "0:00:16"]
[BlackClock "0:00:07"]

1. e4 c5 2. d4 cxd4 3. c3 d3 4. Bxd3 g6 5. c4 Bg7 6. Nc3 d6 7. Nf3 Nf6 8. O-O O-O 9. h3 Nc6 10. Be3 Be6 11. Qd2 Ne5 12. Nxe5 dxe5 13. Nd5 Bxd5 14. cxd5 Nh5 15. Qb4 b6 16. Rac1 Nf4 17. Bb5 Rc8 18. Ba6 Rb8 19. Kh2 Kh8 20. g3 Nh5 21. Rc6 f5 22. Bg5 Bf6 23. Bh6 Bg7 24. Bxg7+ Nxg7 25. Rfc1 fxe4 26. Rc8 Qd7 27. Rxb8 Rxb8 28. Qxe4 Rf8 29. Kg2 Qf5 30. Qxf5 gxf5 31. Rc7 Rd8 32. Rxa7 e6 33. d6 Kg8 34. d7 Kf8 35. Bb5 Nh5 36. Rb7 Nf6 37. Rxb6 Ke7 38. a4 Ra8 39. a5 h5 40. a6 h4 41. Rb7 hxg3 42. fxg3 e4 43. a7 Nxd7 44. Rxd7+ Kf6 45. Bc6 Ke5 46. Bxa8 1-0


[Site "https://www.chess.com"]

[Event "Titled Tuesday Blitz November 08 Early 2022"]
[White "Clawitter, Craig"]
[Black "Rudykh, Stepan"]
[WhiteFideId "2023105"]
[BlackFideId "4180321"]
[WhiteElo "2170"]
[BlackElo "2233"]
[Result "0-1"]
[Round "09"]
[TimeControl "180+1"]
[Date "2022.11.09"]
[WhiteClock "0:00:02"]
[BlackClock "0:00:14"]

1. e4 e6 2. d4 d5 3. e5 c5 4. c3 Nc6 5. Nf3 Bd7 6. Be2 Qb6 7. dxc5 Bxc5 8. O-O a5 9. Bd3 Nge7 10. Nbd2 Ng6 11. Nb3 Ngxe5 12. Nxe5 Nxe5 13. Nxc5 Qxc5 14. Be3 Qe7 15. Bc2 Nc4 16. Bc1 O-O 17. Qh5 h6 18. b3 Nd6 19. Ba3 Bb5 20. c4 Ba6 21. Rad1 Qc7 22. Rfe1 Rfd8 23. Bb1 dxc4 24. Bb2 c3 25. Rc1 Nb5 26. a4 Nd4 27. Rxc3 Qb6 28. Rg3 Ne2+ 0-1


[Site "https://www.chess.com"]

[Event "Titled Tuesday Blitz November 08 Early 2022"]
[White "Concio, Michael Jr."]
[Black "Savic, Miomir"]
[WhiteFideId "5217873"]
[BlackFideId "934550"]
[WhiteElo "2717"]
[BlackElo "2402"]
[Result "1-0"]
[Round "09"]
[TimeControl "180+1"]
[Date "2022.11.09"]
[WhiteClock "0:00:04"]
[BlackClock "0:00:14"]

1. e4 c5 2. Nf3 Nc6 3. d4 cxd4 4. Nxd4 g6 5. Be3 Bg7 6. c4 Nf6 7. Nc3 O-O 8. Be2 Nxd4 9. Bxd4 d6 10. Qd2 Qa5 11. O-O Nxe4 12. Qe3 Bxd4 13. Qxe4 Bxc3 14. bxc3 Re8 15. Qe3 Be6 16. Rfd1 Rac8 17. Rd4 Rc5 18. Rh4 h5 19. Re4 Bf5 20. Rf4 Re5 21. Qd2 Kg7 22. Bf3 b6 23. h3 Rc8 24. Rd4 Bd7 25. Bd5 Qc5 26. Kh2 Bc6 27. f4 Rf5 28. Re1 Bxd5 29. cxd5 Qxc3 30. Qxc3 Rxc3 31. g4 hxg4 32. hxg4 Rf6 33. Rxe7 g5 34. Rxa7 gxf4 35. Rd2 Kg6 36. Ra8 Kg5 37. Rg8+ Rg6 38. Rf8 f6 39. Kg2 Kxg4 40. Kf2 f3 41. Rh8 f5 42. Rd4+ f4 43. Rf8 Rc2+ 44. Ke1 f2+ 45. Kf1 Kg3 46. Rd3+ Kg4 47. Rd4 Kg5 48. Rdxf4 Kh6 49. Rxf2 Rc1+ 50. Ke2 Kg7 51. R2f7+ Kh6 52. Kd3 Rg3+ 53. Rf3 Rxf3+ 54. Rxf3 Ra1 55. Rf6+ Kg5 56. Rxd6 Rxa2 57. Rxb6 Ra5 58. Kd4 Kf5 59. Rb1 Ra7 60. Kc5 Ke5 61. Re1+ Kf6 62. d6 Ra2 63. Kc6 Rc2+ 64. Kd7 Rc4 65. Rf1+ Ke5 66. Ke7 Rd4 67. d7 1-0


[Site "https://www.chess.com"]

[Event "Titled Tuesday Blitz November 08 Early 2022"]
[White "Csonka, Balazs"]
[Black "Kirillov, Dmitry"]
[WhiteFideId "742910"]
[BlackFideId "34180572"]
[WhiteElo "2404"]
[BlackElo "2095"]
[Result "0-1"]
[Round "09"]
[TimeControl "180+1"]
[Date "2022.11.09"]
[WhiteClock "0:00:02"]
[BlackClock "0:00:50"]

1. d4 d5 2. Nf3 e6 3. c4 c6 4. Qc2 f5 5. Bf4 Nf6 6. e3 Be7 7. Nc3 O-O 8. h3 Bd7 9. g4 Ne4 10. gxf5 exf5 11. Rg1 Be6 12. Bd3 Nd7 13. cxd5 cxd5 14. Qb3 Rc8 15. Nxe4 fxe4 16. Bxe4 Nf6 17. Bd3 Nh5 18. Be2 Qa5+ 19. Nd2 Nxf4 20. exf4 Bb4 21. Rd1 Rxf4 22. Qe3 Re4 23. Qg3 Bxd2+ 24. Kf1 g6 25. Bf3 Rf4 26. h4 Rcf8 27. h5 Rxf3 0-1


[Site "https://www.chess.com"]

[Event "Titled Tuesday Blitz November 08 Early 2022"]
[White "Dahlgren, James Allen"]
[Black "Balkum, Alexander"]
[WhiteFideId "22256873"]
[BlackFideId "2005069"]
[WhiteElo "2204"]
[BlackElo "2334"]
[Result "0-1"]
[Round "09"]
[TimeControl "180+1"]
[Date "2022.11.09"]
[WhiteClock "0:00:27"]
[BlackClock "0:00:59"]

1. d3 e5 2. Nf3 Nc6 3. g3 d5 4. Bg2 f6 5. O-O Be6 6. e4 Nge7 7. Nc3 Qd7 8. exd5 Nxd5 9. Re1 O-O-O 10. Bd2 h5 11. h4 Kb8 12. a4 Bg4 13. Ne4 Nd4 14. c3 Nxf3+ 15. Bxf3 Bxf3 16. Qxf3 Be7 17. b4 Nb6 18. a5 Nc8 19. a6 Qxd3 20. Re3 Qd5 21. axb7 Qxb7 22. Nc5 Bxc5 23. bxc5 Qxf3 24. Rxf3 Rxd2 25. c4 Rb2 0-1


[Site "https://www.chess.com"]

[Event "Titled Tuesday Blitz November 08 Early 2022"]
[White "Deac, Bogdan-Daniel"]
[Black "Timofeev, Artyom"]
[WhiteFideId "1226380"]
[BlackFideId "4140419"]
[WhiteElo "2648"]
[BlackElo "2586"]
[Result "1-0"]
[Round "09"]
[TimeControl "180+1"]
[Date "2022.11.08"]
[WhiteClock "0:00:22"]
[BlackClock "0:00:37"]

1. d4 Nf6 2. c4 g6 3. Nc3 d5 4. cxd5 Nxd5 5. e4 Nxc3 6. bxc3 Bg7 7. Nf3 c5 8. Bb5+ Nd7 9. O-O O-O 10. Re1 Qc7 11. a4 b6 12. e5 e6 13. h4 Bb7 14. h5 gxh5 15. Ng5 h6 16. Ne4 f5 17. Nd6 cxd4 18. cxd4 Bd5 19. Qxh5 f4 20. Ra3 Rad8 21. Qg6 Nf6 22. Bxf4 Rxd6 23. exd6 Qf7 24. Qxf7+ Kxf7 25. Be5 Rd8 26. Rc1 1-0


[Site "https://www.chess.com"]

[Event "Titled Tuesday Blitz November 08 Early 2022"]
[White "Degenbaev, Aziz"]
[Black "Ladan, Nicholas"]
[WhiteFideId "13802640"]
[BlackFideId "30918855"]
[WhiteElo "2039"]
[BlackElo "2167"]
[Result "1-0"]
[Round "09"]
[TimeControl "180+1"]
[Date "2022.11.09"]
[WhiteClock "0:00:55"]
[BlackClock "0:00:27"]

1. c4 e6 2. Nc3 d5 3. cxd5 exd5 4. d4 Nf6 5. Bg5 a6 6. e3 Be6 7. Bd3 Nbd7 8. Nge2 c6 9. O-O Bd6 10. f3 Qc7 11. h3 Nh5 12. e4 Bh2+ 13. Kh1 Bf4 14. Bxf4 Nxf4 15. e5 Nxd3 16. Qxd3 g6 17. Rac1 h5 18. Nf4 Bf5 19. Qe3 Qd8 20. Rfe1 O-O 21. e6 Nf6 22. e7 Qb6 23. exf8=Q+ Rxf8 24. b3 h4 25. Qf2 g5 26. Nfe2 Nh5 27. f4 f6 28. Qf3 Bg6 29. Rf1 Rf7 30. f5 1-0


[Site "https://www.chess.com"]

[Event "Titled Tuesday Blitz November 08 Early 2022"]
[White "Estrada Nieto, Julian"]
[Black "Ostrovskiy, Aleksandr"]
[WhiteFideId "5101018"]
[BlackFideId "2034239"]
[WhiteElo "2221"]
[BlackElo "2340"]
[Result "0-1"]
[Round "09"]
[TimeControl "180+1"]
[Date "2022.11.09"]
[WhiteClock "0:01:14"]
[BlackClock "0:00:54"]

1. e4 c6 2. d4 d5 3. exd5 cxd5 4. Bd3 Nc6 5. c3 g6 6. Nf3 Bg7 7. O-O Nh6 8. Re1 O-O 9. Bxh6 Bxh6 10. Nbd2 Bf5 11. Bxf5 gxf5 12. Nf1 e6 13. Ng3 Kh8 14. Ne5 Nxe5 15. Rxe5 b5 16. a4 Rb8 17. axb5 Rxb5 18. b4 Qc7 19. Qa4 Qxc3 20. Ne2 Qxb4 21. Qxb4 Rxb4 22. f4 Bg7 23. Re3 Rxd4 24. Rxa7 Rd2 25. Kf1 Rb8 26. Rxf7 Rb1+ 27. Kf2 Bd4 28. Re7 Rbb2 29. Rxe6 Rxe2+ 0-1


[Site "https://www.chess.com"]

[Event "Titled Tuesday Blitz November 08 Early 2022"]
[White "Fernandez De La Vara, Arnaldo"]
[Black "Gokerkan, Cem Kaan"]
[WhiteFideId "3518388"]
[BlackFideId "6336760"]
[WhiteElo "2387"]
[BlackElo "2365"]
[Result "0-1"]
[Round "09"]
[TimeControl "180+1"]
[Date "2022.11.08"]
[WhiteClock "0:00:01"]
[BlackClock "0:00:09"]

1. Nf3 g6 2. g3 Bg7 3. Bg2 Nf6 4. b3 O-O 5. Bb2 b6 6. c4 Bb7 7. O-O c5 8. Nc3 d5 9. cxd5 Nxd5 10. Qc1 Nf6 11. Rd1 Nc6 12. d4 cxd4 13. Nxd4 Nxd4 14. Bxb7 Rb8 15. Ba6 b5 16. Bxb5 Rxb5 17. Rxd4 Qxd4 18. Nxb5 Qg4 19. Nd4 e5 20. Nc6 Qxe2 21. Bxe5 Ng4 22. Ne7+ Kh8 23. Bxg7+ Kxg7 24. Qf4 Nxf2 25. Nf5+ gxf5 26. Qxf2 Qxf2+ 27. Kxf2 Rc8 28. Re1 Kf6 29. Ke3 Rc3+ 30. Kd2 Rf3 31. Re3 Rf2+ 32. Re2 Rf1 33. Kc3 f4 34. gxf4 Rxf4 35. b4 Rf3+ 36. Kc4 Ra3 37. Kc5 Kg5 38. Rg2+ Kf5 39. b5 Ke4 40. Kb4 Rh3 41. a4 f5 42. a5 Rh6 43. Kc5 f4 44. b6 Rh5+ 45. Kc6 Rxa5 46. b7 Ra6+ 47. Kc7 Rb6 48. b8=Q Rxb8 49. Kxb8 f3 50. Rg7 a5 51. Rxh7 f2 52. Rf7 Ke3 53. h4 a4 54. h5 a3 55. Re7+ Kd3 56. Rf7 a2 57. Rxf2 a1=Q 58. Rf6 Qxf6 0-1


[Site "https://www.chess.com"]

[Event "Titled Tuesday Blitz November 08 Early 2022"]
[White "Fernandez Hernandez, Gerardo"]
[Black "Bongo Akanga Ndjila, Barthelemy"]
[WhiteFideId "2207400"]
[BlackFideId "10609431"]
[WhiteElo "2226"]
[BlackElo "1768"]
[Result "1-0"]
[Round "09"]
[TimeControl "180+1"]
[Date "2022.11.09"]
[WhiteClock "0:00:08"]
[BlackClock "0:00:10"]

1. e4 c6 2. d4 d5 3. exd5 cxd5 4. c4 Nf6 5. Nc3 Nc6 6. Bf4 a6 7. c5 Bg4 8. Be2 Bxe2 9. Ngxe2 e6 10. O-O Be7 11. Na4 Nd7 12. Rb1 O-O 13. b4 h5 14. Nac3 g5 15. Be3 f5 16. f4 g4 17. Nc1 Nf6 18. Nd3 Ne4 19. Nxe4 dxe4 20. Ne5 Nxe5 21. dxe5 Qe8 22. a4 Rd8 23. Qb3 Rd3 24. Qxe6+ Kg7 25. Rfe1 Bh4 26. Qxe8 Rxe8 27. Re2 Red8 28. g3 Be7 29. Kf2 a5 30. b5 R8d5 31. c6 bxc6 32. b6 Rd8 33. b7 Rb8 34. Ba7 Rdd8 35. Bxb8 Bc5+ 36. Kf1 Rxb8 37. Rc2 Bb4 38. Rxc6 Rxb7 39. e6 Kf6 40. Rd1 Be7 41. Rd7 Rb1+ 42. Ke2 Rb2+ 43. Ke3 Rb3+ 44. Kd2 Bb4+ 45. Kc2 Ra3 46. Rf7+ Kg6 47. Rb7 Kf6 48. e7+ Kf7 49. e8=Q+ Kxe8 50. Rc8# 1-0


[Site "https://www.chess.com"]

[Event "Titled Tuesday Blitz November 08 Early 2022"]
[White "Gabdrakhmanov, Azat"]
[Black "Wagner, Dennis"]
[WhiteFideId "34189197"]
[BlackFideId "24650684"]
[WhiteElo "2600"]
[BlackElo "2759"]
[Result "0-1"]
[Round "09"]
[TimeControl "180+1"]
[Date "2022.11.09"]
[WhiteClock "0:00:03"]
[BlackClock "0:00:45"]

1. e4 e5 2. Nf3 Nc6 3. Bb5 a6 4. Ba4 Nf6 5. O-O b5 6. Bb3 Bc5 7. c3 d6 8. d4 Bb6 9. Bg5 Rb8 10. Qd3 h6 11. Bh4 O-O 12. Nbd2 Re8 13. Rfe1 Na5 14. Bc2 c5 15. dxc5 dxc5 16. Qe2 c4 17. Nf1 g5 18. Bg3 Nc6 19. Rad1 Qe7 20. h4 Bg4 21. hxg5 hxg5 22. Ne3 Bxe3 23. Qxe3 Nh5 24. Rd5 Nf4 25. Rd2 Kg7 26. Nh2 Be6 27. Qf3 Rh8 28. Bxf4 gxf4 29. g3 Qg5 30. Rd6 Rxh2 31. Kxh2 Bg4 32. Qh1 Rh8+ 33. Kg1 Rxh1+ 34. Kxh1 fxg3 35. fxg3 Bf3+ 36. Kh2 Qh5+ 37. Kg1 Qh1+ 38. Kf2 Qg2+ 39. Ke3 Bg4 40. Bd1 Qxg3+ 41. Kd2 Qf2+ 42. Be2 Nd4 43. cxd4 exd4 44. Kd1 d3 45. Bxg4 Qc2# 0-1


[Site "https://www.chess.com"]

[Event "Titled Tuesday Blitz November 08 Early 2022"]
[White "Garcia Ramos, Daniel"]
[Black "Goltsev, Dmitry"]
[WhiteFideId "32010311"]
[BlackFideId "24176710"]
[WhiteElo "2593"]
[BlackElo "2752"]
[Result "0-1"]
[Round "09"]
[TimeControl "180+1"]
[Date "2022.11.09"]
[WhiteClock "0:00:01"]
[BlackClock "0:01:07"]

1. e4 e6 2. d4 d5 3. Bd3 c5 4. exd5 exd5 5. dxc5 Bxc5 6. Nf3 Nf6 7. O-O O-O 8. h3 Nc6 9. a3 Qd6 10. Nc3 Bxh3 11. b4 Qg3 12. Ne1 Ng4 13. Qxg4 Bxg4 14. bxc5 Qe5 15. Bd2 Nd4 16. Rb1 Rac8 17. Rxb7 Rxc5 18. Rxa7 Rc6 19. Ra5 Rxc3 20. Bxc3 Ne2+ 21. Bxe2 Qxc3 22. Bxg4 Qxa5 23. Nf3 Qxa3 24. Bf5 g6 25. Bd3 Rb8 26. Re1 Qd6 27. g3 Kg7 28. Kg2 Qd7 29. Ra1 d4 30. Ra5 Qc6 31. Re5 Re8 32. Rxe8 Qxe8 33. Nxd4 Qe5 34. Ne2 h5 35. Kf3 g5 36. Kg2 f5 37. f4 Qd5+ 38. Kh2 g4 39. Nc3 Qf3 40. Ne2 Kf6 41. Kg1 h4 42. gxh4 g3 43. Nxg3 Qxg3+ 44. Kf1 Qxf4+ 0-1


[Site "https://www.chess.com"]

[Event "Titled Tuesday Blitz November 08 Early 2022"]
[White "Gareyev, Timur"]
[Black "Horobetz, Graham"]
[WhiteFideId "14200937"]
[BlackFideId "2047322"]
[WhiteElo "2790"]
[BlackElo "2604"]
[Result "1-0"]
[Round "09"]
[TimeControl "180+1"]
[Date "2022.11.09"]
[WhiteClock "0:00:37"]
[BlackClock "0:00:02"]

1. a4 e5 2. Nf3 e4 3. Nd4 c5 4. Nb5 d5 5. d3 a6 6. N5c3 exd3 7. e4 dxc2 8. Qxc2 d4 9. Nd5 Nc6 10. Na3 Nb4 11. Qb3 Nxd5 12. Bc4 Ngf6 13. O-O Be7 14. exd5 O-O 15. Re1 Bd6 16. h3 h6 17. Bd2 Bc7 18. f4 Qd6 19. Re5 Nd7 20. Rae1 Qf6 21. Qg3 Nxe5 22. fxe5 Qg6 23. Qxg6 fxg6 24. d6+ Kh7 25. dxc7 Bf5 26. Ba5 b5 27. Bd5 Rac8 28. axb5 axb5 29. Nxb5 1-0


[Site "https://www.chess.com"]

[Event "Titled Tuesday Blitz November 08 Early 2022"]
[White "Gholami Orimi, Mahdi"]
[Black "Paravyan, David"]
[WhiteFideId "12558486"]
[BlackFideId "4194985"]
[WhiteElo "2330"]
[BlackElo "2546"]
[Result "1/2-1/2"]
[Round "09"]
[TimeControl "180+1"]
[Date "2022.11.08"]
[WhiteClock "0:00:04"]
[BlackClock "0:00:03"]

1. d4 Nf6 2. g3 g6 3. Bg2 Bg7 4. e4 O-O 5. c4 c5 6. d5 d6 7. Nc3 e6 8. Nge2 exd5 9. cxd5 Re8 10. a4 Na6 11. O-O Nb4 12. h3 Nd7 13. g4 Ne5 14. Bf4 Ned3 15. Bh2 Nxb2 16. Qb3 N2d3 17. Nb5 Be5 18. Rad1 Bxh2+ 19. Kxh2 a6 20. Na3 Ne5 21. f4 Bxg4 22. hxg4 Nxg4+ 23. Kg1 Qh4 24. Qg3 Qxg3 25. Nxg3 Ne3 26. Kf2 Nxf1 27. Bxf1 b5 28. axb5 axb5 29. Nxb5 Ra2+ 30. Kf3 Rd8 31. Bc4 Rc2 32. Bb3 Rb2 33. Bc4 Rc2 34. Bb3 Rb2 35. Bc4 Nc2 36. Ne2 Rb4 37. Bd3 Rb3 38. Kf2 Na3 39. Nxa3 Rxa3 40. Bb5 Rb3 41. Bc6 h5 42. e5 dxe5 43. fxe5 g5 44. Rh1 h4 45. Rg1 c4 46. Rxg5+ Kf8 47. Rh5 Kg7 48. Rxh4 c3 49. Rg4+ Kh6 50. Rc4 Kg5 51. d6 Rb2 52. Kf3 c2 53. Nd4 Rc8 54. d7 Rd8 55. e6 Kf6 56. exf7 Kxf7 57. Nxc2 Ke7 58. Re4+ Kd6 59. Nd4 Rxd7 60. Bxd7 Kxd7 61. Kf4 Kd6 62. Nf5+ Kc5 63. Re1 Rh2 64. Ke5 Rh5 65. Rc1+ Kb5 66. Ke4 Kb6 67. Ke5 Kb5 68. Ke6 Kb4 69. Nd4 Rg5 70. Kd6 Rh5 71. Nc6+ Kb5 72. Ne5 Rh6+ 73. Kd5 Rh5 74. Rb1+ Ka5 75. Kd6 Ka4 76. Nc4 Rb5 77. Rc1 Rh5 78. Ne3 Kb3 79. Nd5 Rh8 80. Ke5 Rh5+ 81. Ke4 Rh4+ 82. Nf4 Kb4 83. Rb1+ Ka4 84. Rc1 Kb4 85. Ke3 Kb5 86. Nd5 Rc4 87. Rb1+ Kc5 88. Nf4 Rc3+ 89. Nd3+ Kd6 90. Kd4 Ra3 91. Rb6+ Kc7 92. Rh6 Ra1 93. Kc4 Rd1 94. Rh3 Kd6 95. Rh6+ Kc7 96. Nc5 Rc1+ 97. Kd4 Rd1+ 98. Ke5 Re1+ 99. Ne4 Re2 100. Rh7+ Kc6 101. Rh6+ Kb5 102. Kd4 Re1 103. Nc3+ Ka5 104. Kc4 Re8 105. Rh5+ Kb6 106. Nd5+ Kb7 107. Rh7+ Kc6 108. Rh6+ Kb7 109. Kb5 Re1 110. Rh7+ Kb8 1/2-1/2


[Site "https://www.chess.com"]

[Event "Titled Tuesday Blitz November 08 Early 2022"]
[White "Gonzalez, Francisco Silva"]
[Black "Donskov, Anatoly"]
[WhiteFideId "1512285"]
[BlackFideId "24143413"]
[WhiteElo "2159"]
[BlackElo "2219"]
[Result "0-1"]
[Round "09"]
[TimeControl "180+1"]
[Date "2022.11.09"]
[WhiteClock "0:00:19"]
[BlackClock "0:00:05"]

1. d4 d5 2. c4 dxc4 3. e4 b5 4. a4 c6 5. axb5 cxb5 6. b3 e5 7. d5 Nf6 8. Qf3 Nc6 9. bxc4 Nd4 10. Qd3 Bb4+ 11. Bd2 Bxd2+ 12. Nxd2 bxc4 13. Qxc4 O-O 14. Ngf3 Nxf3+ 15. Nxf3 Qd6 16. Be2 a5 17. O-O Ba6 18. Qc2 Rfc8 19. Qd1 Nxe4 20. Bxa6 Rxa6 21. Qe2 f5 22. Nxe5 Rca8 23. Nc6 Kh8 24. Qc4 Nd2 25. Qd4 Nxf1 26. Ne5 Kg8 27. Rxf1 a4 28. Nc4 Qf6 29. Qc5 a3 30. d6 a2 31. d7 a1=Q 32. Qc8+ Qd8 33. Qb7 Qxf1+ 34. Kxf1 Ra1+ 35. Ke2 Qe7+ 36. Ne3 Qd6 37. Qb3+ Kh8 38. Nxf5 Qxd7 39. Ne3 Rd8 40. Qb2 Ra5 41. g4 Qe7 42. Kf3 Re5 43. Qc3 Qf6+ 44. Kg2 Rxe3 45. Qxe3 Rf8 46. h3 h6 47. Kg3 Qg5 48. f4 Qf6 49. f5 Rc8 50. Kg2 Rc3 51. Qe8+ Kh7 52. Qe4 Ra3 53. h4 Qb2+ 54. Kh1 Ra1+ 55. Qe1 Rxe1# 0-1


[Site "https://www.chess.com"]

[Event "Titled Tuesday Blitz November 08 Early 2022"]
[White "Gonzalez Vega, Alejandro"]
[Black "Seletsky, Grigory"]
[WhiteFideId "3510042"]
[BlackFideId "14112191"]
[WhiteElo "2290"]
[BlackElo "2492"]
[Result "1/2-1/2"]
[Round "09"]
[TimeControl "180+1"]
[Date "2022.11.09"]
[WhiteClock "0:00:18"]
[BlackClock "0:00:11"]

1. e4 e6 2. Nf3 d5 3. e5 c5 4. b4 b6 5. a3 Qd7 6. c3 Ba6 7. Bxa6 Nxa6 8. d4 cxd4 9. cxd4 Ne7 10. O-O Rc8 11. Nbd2 Nf5 12. Bb2 Be7 13. Qb3 O-O 14. Rac1 b5 15. Qd3 Nb8 16. Qb1 Rxc1 17. Rxc1 Rc8 18. Rxc8+ Qxc8 19. g4 Nh4 20. Nxh4 Bxh4 21. Qd3 a6 22. Qc3 Qxc3 23. Bxc3 Nc6 24. Nb3 Bd8 25. Nc5 a5 26. f4 axb4 27. axb4 Bb6 28. Kf2 Bxc5 29. bxc5 f6 30. Ke3 Kf7 31. h4 f5 32. gxf5 exf5 33. h5 h6 34. Kf3 Ke6 35. Ke3 Kf7 36. Kf3 Ke6 37. Ke3 Kf7 1/2-1/2


[Site "https://www.chess.com"]

[Event "Titled Tuesday Blitz November 08 Early 2022"]
[White "Grot, Blazej"]
[Black "Ronka, Erik"]
[WhiteFideId "21835845"]
[BlackFideId "505080"]
[WhiteElo "1822"]
[BlackElo "2264"]
[Result "1-0"]
[Round "09"]
[TimeControl "180+1"]
[Date "2022.11.09"]
[WhiteClock "0:01:52"]
[BlackClock "0:00:48"]

1. e4 c5 2. Nf3 e6 3. d4 cxd4 4. Nxd4 Nf6 5. Nc3 d6 6. Be3 a6 7. f3 Nbd7 8. Qd2 b5 9. O-O-O Nb6 10. g4 Bb7 11. Bd3 b4 12. Nce2 d5 13. e5 Nfd7 14. Kb1 Be7 15. h4 O-O 16. f4 Qc7 17. h5 Nc4 18. Bxc4 Qxc4 19. g5 Nc5 20. Rdg1 a5 21. f5 a4 22. f6 Bd8 23. g6 fxg6 24. hxg6 gxf6 25. gxh7+ Kh8 26. Nf4 1-0


[Site "https://www.chess.com"]

[Event "Titled Tuesday Blitz November 08 Early 2022"]
[White "Guimaraes, Wagner Peixoto"]
[Black "Janaszak, Dawid"]
[WhiteFideId "2100940"]
[BlackFideId "1119206"]
[WhiteElo "2231"]
[BlackElo "2226"]
[Result "0-1"]
[Round "09"]
[TimeControl "180+1"]
[Date "2022.11.09"]
[WhiteClock "0:00:01"]
[BlackClock "0:00:14"]

1. e4 c5 2. Nc3 e6 3. g3 d5 4. exd5 exd5 5. Bg2 Nf6 6. d3 Bg4 7. Nf3 Nc6 8. O-O Be7 9. h3 Bh5 10. g4 Bg6 11. Re1 O-O 12. Bf4 Re8 13. Ne5 Nxe5 14. Bxe5 d4 15. Bxf6 Bxf6 16. Nd5 Be5 17. Qf3 f6 18. c4 dxc3 19. bxc3 Rb8 20. Rab1 b5 21. c4 Qa5 22. Re2 bxc4 23. Rxb8 Rxb8 24. dxc4 Kh8 25. Bf1 Qa4 26. Ne7 Qd1 27. Nxg6+ hxg6 28. Re3 Qxf3 29. Rxf3 Rb2 30. Ra3 Bd4 31. Rxa7 Rxf2 32. Ra8+ Kh7 33. Rc8 Rxa2+ 34. Kh1 Rf2 35. Bg2 Rc2 36. Be4 Rxc4 37. Bd5 Rc1+ 38. Kg2 Kh6 39. Kf3 Kg5 40. Kg3 Rc3+ 41. Kg2 Kf4 42. Bf7 Rc2+ 43. Kf1 g5 44. Ke1 Kg3 45. Kd1 Rb2 46. Be6 Kxh3 47. Kc1 Kg3 48. Bf5 Rf2 49. Rg8 g6 50. Rxg6 Kf4 51. Rg8 c4 52. Re8 Be5 53. Rc8 c3 54. Rc4+ Ke3 55. Re4+ Kf3 56. Rc4 Rd2 57. Be4+ Ke3 58. Bf5 Bd4 59. Rc6 Rf2 60. Re6+ Be5 61. Rc6 Kd4 0-1


[Site "https://www.chess.com"]

[Event "Titled Tuesday Blitz November 08 Early 2022"]
[White "Gulevich, Artem"]
[Black "Mazurkiewicz, Michal"]
[WhiteFideId "24119580"]
[BlackFideId "1124943"]
[WhiteElo "2218"]
[BlackElo "2063"]
[Result "1-0"]
[Round "09"]
[TimeControl "180+1"]
[Date "2022.11.09"]
[WhiteClock "0:00:15"]
[BlackClock "0:00:02"]

1. Nf3 Nf6 2. b3 g6 3. Bb2 Bg7 4. d4 O-O 5. e3 d6 6. Be2 Nbd7 7. O-O Re8 8. c4 e5 9. dxe5 dxe5 10. Nbd2 e4 11. Nd4 a6 12. b4 Qe7 13. c5 Ne5 14. Qc2 Bg4 15. Nxe4 Nxe4 16. Qxe4 Qh4 17. Qc2 Bxe2 18. Qxe2 Rad8 19. Rfd1 a5 20. a3 c6 21. Rd2 axb4 22. axb4 h5 23. h3 Qe4 24. Rad1 g5 25. Qxh5 Nc4 26. Re2 Nxb2 27. Rxb2 Bxd4 28. exd4 Rxd4 29. Qxg5+ Kh7 30. Qh5+ Kg7 31. Rxd4 Qxd4 32. Qg4+ Qxg4 33. hxg4 Kf6 34. Kh2 Re4 35. Kg3 Ke5 36. b5 Rc4 37. bxc6 bxc6 38. Rb7 Ke6 39. f4 Rxc5 40. g5 Rc2 41. Kf3 c5 42. Rc7 c4 43. g4 c3 44. f5+ Ke5 45. Rxf7 Rc1 46. Rc7 c2 47. Kg2 Kd6 48. Rc8 Ke5 49. g6 Kf6 50. Rc7 Kg5 51. g7 Kf4 52. g8=Q Rd1 53. Rxc2 Rd2+ 54. Rxd2 1-0


[Site "https://www.chess.com"]